[Event "1st Semana Santa Torrevieja 2022"]
[Site "Torrevieja Alicante"]
[Date "2022.04.15"]
[Round "5.14"]
[White "Del Rio De Angelis, Salvador G."]
[Black "Garrido Diaz, Jose Antonio"]
[Result "1/2-1/2"]
[ECO "D45"]
[WhiteElo "2452"]
[BlackElo "2183"]
[Annotator "TA"]
[PlyCount "153"]
[EventDate "2022.04.12"]
[EventType "swiss"]
[EventCountry "ESP"]
[SourceTitle "playchess.com"]
[Source "ChessBase"]
[SourceQuality "1"]
[TimeControl "5400+30"]

1. d4 d5 2. c4 e6 3. Nc3 c6 4. e3 Nf6 5. Nf3 Nbd7 6. Be2 Bd6 7. O-O O-O 8. b3 b6 {[%emt 0:02:15] D45: Semi-Slav: 5 e3.} 9. a4 {[%emt 0:00:14][%cal Ba2a4,Ba4a5][%mdl 32] [#]} Bb4 $146 ({Predecessor:} 9... a5 10. Bb2 Bb7 11. Bd3 Qe7 12. Qc2 Rac8 13. e4 e5 14. Rfe1 dxc4 15. Bxc4 g6 16. Rad1 exd4 17. Nxd4 {1-0 (40) Ding,L (2791)-Yu,Y (2709) Chess.com INT 2020}) 10. Qc2 Bb7 11. Na2 Bd6 12. a5 Rc8 13. Nc3 Re8 14. Rd1 Qc7 (14... bxa5 $15 15. c5 Bc7) 15. h3 $11 Nf8 16. Qb1 Qe7 17. Bb2 Ng6 18. Na4 Nd7 19. Bd3 (19. axb6 {was preferrable.} axb6 20. Nxb6 $1 Nxb6 21. c5) 19... c5 20. dxc5 bxc5 21. cxd5 exd5 22. Re1 Nf6 23. Bb5 (23. Bf5 $11 {remains equal.}) 23... Red8 $1 $17 24. Qf5 Qe6 (24... Ne4 $1 $17 {Hoping for ...Rb8.} 25. a6 Ba8) 25. Qxe6 $14 fxe6 26. Bd3 ({Better is} 26. Rec1 $14) 26... Nf8 27. Rac1 Ne4 (27... N8d7 $11) 28. Rc2 Bc6 29. Bxe4 dxe4 30. Nd2 {[%emt 0:00:08] Pair of Knights!} Rb8 (30... Nd7 $14) 31. Ba3 $1 $16 Bd5 32. Bxc5 Bxb3 33. Nxb3 Rxb3 34. Bxa7 Bb4 35. Bb6 Ra8 36. Rec1 {[%emt 0:03:45] And now Rc8 would win.} Bxa5 37. Bxa5 Rxa5 38. Nc5 Rb4 39. Kh2 Ra7 40. Rc4 Rxc4 41. Rxc4 {[%emt 0:00:07][%mdl 4096] Endgame KRN-KRN} Rc7 {[%emt 0:00:01] Threatens to win with ...Nd7.} 42. Rc3 $1 {[%emt 0:00:08] &Bianco is more active.} Nd7 43. Nxe4 Rxc3 44. Nxc3 {[%emt 0:00:07] KN-KN} Kf7 45. f4 g6 46. Kg3 h6 47. Kf3 e5 48. h4 Ke6 49. Nb5 (49. g4 $16) 49... Nb6 50. g4 exf4 51. Kxf4 (51. exf4 $16 Nd7 52. Nd4+ Kd5 53. Ne2) 51... Nd5+ $11 52. Ke4 Nf6+ 53. Kf3 Ke5 54. Na3 Kd5 55. Nc2 Ke5 56. Nb4 Nd7 57. Nd3+ Kf6 {[%emt 0:00:49] [#]} 58. Ke4 ({White should try} 58. e4 $1 $16) 58... Ke6 59. Kd4 (59. Kf4 $14) 59... Nf6 60. Nf2 Nd7 61. Ke4 Nf6+ 62. Kf3 Nd7 63. Nd3 Nb6 64. e4 Nc4 (64... g5 $11) 65. Kf4 $14 Kf6 {[%emt 0:00:36] [#]} 66. g5+ ({White should play} 66. e5+ $1 $16 Ke7 67. Ke4) 66... hxg5+ $11 {[%emt 0:00:12] The position is equal.} 67. hxg5+ Ke6 68. Kf3 Kd6 69. Kf4 Ke6 70. Ne1 Ne5 71. Nf3 Nf7 72. Ke3 Nd6 73. Kd3 Nf7 74. Kd4 Nd6 75. Ke3 Nf7 76. Kf4 Kd6 77. Ke3 {[%emt 0:07:22] White really could win this.  Weighted Error Value: White=0.17 (very precise) /Black=0.18 (very precise)} 1/2-1/2

[Event "1st Semana Santa Torrevieja 2022"]
[Site "Torrevieja Alicante"]
[Date "2022.04.15"]
[Round "5.15"]
[White "Larino Nieto, David"]
[Black "Serrano Almendros, Alejandro"]
[Result "1-0"]
[ECO "A30"]
[WhiteElo "2440"]
[BlackElo "2163"]
[Annotator "TA"]
[PlyCount "73"]
[EventDate "2022.04.12"]
[EventType "swiss"]
[EventCountry "ESP"]
[SourceTitle "playchess.com"]
[Source "ChessBase"]
[SourceQuality "1"]
[TimeControl "5400+30"]

1. e3 e6 2. b3 b6 3. Bb2 Bb7 4. c4 Nf6 5. Nf3 c5 6. Nc3 {[%emt 0:01:24] A30: Symmetrical English: Double Fianchetto and Hedgehog.} Nc6 7. Be2 Be7 8. d4 {[%emt 0:04:29] The position is equal.} cxd4 9. Nxd4 {[%emt 0:01:06] [#]} d5 $146 ({Predecessor:} 9... Nxd4 10. Qxd4 O-O 11. O-O Bc5 12. Qf4 d5 13. Rfd1 Qe7 14. Qg3 dxc4 15. Bxc4 Rfd8 16. Nb5 Rxd1+ 17. Rxd1 Rd8 18. Rxd8+ Qxd8 19. Bxf6 Qxf6 20. Qb8+ Bf8 21. Qxb7 {1-0 (21) Vokhidov,S (2530)-Krivonosov,O (2371) Chess.com INT 2021}) 10. cxd5 Nxd5 11. Nxc6 Bxc6 12. Nxd5 (12. Bf3 {keeps more tension.} Bf6 13. Nxd5 Bxd5 14. Bxf6 Qxf6 15. Bxd5 Qc3+ 16. Ke2) 12... Qxd5 13. Qxd5 Bxd5 14. Bb5+ ({Of course not} 14. Bxg7 Bb4+ 15. Kd1 (15. Kf1 Rg8 $15) 15... Rg8 $15) 14... Kf8 15. Rc1 Bc5 16. Ke2 a6 17. Bd3 a5 18. e4 Bb7 19. Rhd1 Rd8 {[%emt 0:11:45] [#]} (19... Rg8 $11) 20. Bb5 $1 $18 Ke7 (20... Rxd1 $2 21. Rxd1 Be7 22. Rd7 Bxe4 23. Rc7 $18) 21. Bxg7 Rhg8 22. Rxd8 Rxd8 23. e5 $36 {[%emt 0:01:50][%mdl 2048] White is really pushing.} Rd4 24. Bf6+ Kf8 25. f3 Rb4 (25... a4 $142 26. bxa4 (26. Bxa4 Ba6+ 27. Ke1 Rd3 $16) 26... Rb4) 26. Bc4 Bd5 27. Bxd5 exd5 {[%emt 0:00:02][%mdl 4096] Endgame KRB-KRB} 28. Rd1 d4 29. Rd3 {[%emt 0:05:04] [#] Hoping for a3.} Be7 30. f4 Bxf6 31. exf6 {[%emt 0:01:36] KR-KR} Ke8 $2 (31... h5 32. Kf3 a4) 32. Kf3 Kd7 (32... Rb5 $142 33. Rxd4 Rh5) 33. f5 {[%emt 0:00:02] White is clearly winning.} ({Not} 33. a3 Rb5 34. Rxd4+ Kc6 $18) 33... a4 34. Ke4 axb3 35. axb3 Kc6 36. g4 {[%emt 0:01:26][%cal Bg2g4,Bg4g5][%mdl 32] And now g5 would win.} Rb5 37. g5 {[%emt 0:45:26] Weighted Error Value: White=0.10 (very precise) /Black=0.36} 1-0

[Event "1st Semana Santa Torrevieja 2022"]
[Site "Torrevieja Alicante"]
[Date "2022.04.15"]
[Round "5.16"]
[White "Chatalbashev, Boris"]
[Black "Macias Pino, Diego"]
[Result "1-0"]
[ECO "D27"]
[WhiteElo "2515"]
[BlackElo "2317"]
[Annotator "TA"]
[PlyCount "53"]
[EventDate "2022.04.12"]
[EventType "swiss"]
[EventCountry "ESP"]
[SourceTitle "playchess.com"]
[Source "ChessBase"]
[SourceQuality "1"]
[TimeControl "5400+30"]

1. d4 d5 2. c4 dxc4 3. Nf3 Nf6 4. e3 e6 5. Bxc4 a6 6. O-O c5 7. b3 cxd4 8. Nxd4 Bd7 {[%emt 0:01:49] D27: Queen's Gambit Accepted: Classical main line: 7 e4!? and 7 a4.} 9. Bb2 Nc6 10. Nf3 Be7 {[%emt 0:01:27] White has an edge.} 11. Nbd2 O-O {[%emt 0:00:27] 11...b5 is not played anymore.} 12. e4 Qc7 13. Rc1 {[%emt 0:03:54] [#]} Rfd8 $146 ({Predecessor:} 13... Qf4 14. Re1 Rfd8 15. g3 Qh6 16. e5 Nd5 17. Ne4 Na5 18. Bxd5 Bc6 19. Nd6 Bxd5 {½-½ (44) Timofeev,A (2616)-Stukopin,A (2492) Taganrog 2013}) 14. e5 Nd5 15. Qe2 Ndb4 (15... b5 {is interesting.} 16. Bxd5 exd5 17. e6 fxe6 18. Ne5 Qd6) 16. a3 b5 17. axb4 $16 {[%emt 0:04:49] [#] Hoping for Bd3.} bxc4 18. Rxc4 {[%emt 0:02:25] Black must now prevent Ne4.} ({Reject} 18. Qxc4 $6 Qb7 $11) 18... Bf8 19. Ne4 $36 {[%emt 0:03:32][%cal Bd2e4,Be4g5,Bg5e6,Be6g7][%mdl 2080] aiming for Nfg5. White has strong initiative.} Qb6 $2 {[%emt 0:04:28][%mdl 8192] This move loses the game for Black.} (19... Be8 $16) 20. Nfg5 $18 {[%emt 0:12:43] Threatening mate with Qh5. Pair of Knights! White is clearly winning.} h6 {[%emt 0:04:03] [#]} 21. Qd3 $1 {[%emt 0:05:31][%cal Oe4f6] Intending Nf6+! and mate.} hxg5 (21... Bxb4 22. Nf6+) 22. Nxg5 g6 23. Qh3 Bg7 24. Rf4 Be8 25. Qh7+ Kf8 26. Nxe6+ Ke7 27. Nxg7 {[%emt 0:01:56] Weighted Error Value: White=0.08 (flawless) /Black=0.28 (precise)} 1-0

[Event "1st Semana Santa Torrevieja 2022"]
[Site "Torrevieja Alicante"]
[Date "2022.04.16"]
[Round "6.1"]
[White "Moussard, Jules"]
[Black "Yuffa, Daniil"]
[Result "1/2-1/2"]
[ECO "B90"]
[WhiteElo "2630"]
[BlackElo "2576"]
[Annotator "TA"]
[PlyCount "109"]
[EventDate "2022.04.12"]
[EventType "swiss"]
[EventCountry "ESP"]
[SourceTitle "playchess.com"]
[Source "ChessBase"]
[SourceQuality "1"]
[TimeControl "5400+30"]

1. e4 c5 2. Nf3 d6 3. d4 cxd4 4. Nxd4 Nf6 5. Nc3 a6 6. Qd3 {[%emt 0:05:14] B90: Sicilian Najdorf: Unusual White 6th moves, 6 Be3 Ng4 and 6 Be3 e5.} Nbd7 7. Be2 b5 8. Nd5 {[%emt 0:00:32] White has an edge.} Bb7 {[%emt 0:01:41] Prevents Nc6.} 9. a4 b4 {[%emt 0:06:30] [#]} 10. Qc4 $146 {[%emt 0:07:51] [#] aiming for Nc7+.} ({Predecessor:} 10. Nxf6+ Nxf6 11. Bf3 e6 12. O-O Be7 13. a5 O-O 14. Nb3 Rc8 15. Be3 d5 16. Bb6 {0-1 (63) Gadimbayli,A (2470)-Sarana,A (2649) Chess.com INT 2021}) 10... Bxd5 11. exd5 {[%emt 0:00:20] Strongly threatening Nc6.} Qa5 $1 12. Bd2 {[%emt 0:28:06] &Bianco is more active.} (12. O-O $5 ) 12... Qxd5 13. Qxd5 ({Don't play} 13. Bxb4 Qxc4 14. Bxc4 d5 $15) 13... Nxd5 14. Bf3 N7f6 15. g4 {[%emt 0:02:53] [#] Hoping for g5.} h6 16. h4 e6 $1 17. g5 hxg5 18. hxg5 Rxh1+ 19. Bxh1 Ng4 20. Bxb4 Rb8 21. Ba3 Nf4 22. b3 (22. Bc6+ {looks sharper.} Kd8 23. b4 Kc7 24. b5) 22... d5 23. Bxf8 Kxf8 24. Bf3 Ne5 25. Be2 a5 26. Kd2 Ke7 27. Rh1 Kd6 28. Bb5 Rg8 29. Ke3 Ng2+ {[%emt 0:00:13] Pair of Knights!} 30. Kd2 Nf4 31. Rh7 Nfg6 32. Be2 Nf4 33. Bb5 Nfg6 34. Ke3 (34. c3 $5 ) 34... Ng4+ 35. Ke2 N4e5 36. Kd2 Nf4 37. c3 Kc5 {[%emt 0:02:30] Inhibits b4+.} 38. Bf1 Nc6 39. Nf3 e5 40. Bb5 Ng6 41. Ne1 (41. Rh1 $11) 41... Kd6 ({Black should play} 41... Nd8 $15) 42. Bxc6 $11 {[%emt 0:01:23] The position is equal.} Kxc6 {[%emt 0:00:02][%mdl 4096] Endgame KRN-KRN} 43. b4 axb4 44. cxb4 d4 45. f3 Nf8 46. Rh1 Ne6 47. Nd3 Nxg5 48. Nxe5+ Kd5 49. Rh5 f6 50. f4 {[%emt 0:00:28] Threatens to win with Ng6.} Ne4+ 51. Kd3 {[%emt 0:00:03] Black must now prevent Ng6+.} Ng3 52. Ng6+ $1 Nxh5 53. Ne7+ Kd6 54. Nxg8 Nxf4+ 55. Kxd4 {[%emt 0:04:53] Weighted Error Value: White=0.07 (flawless) /Black=0.04 (flawless)} 1/2-1/2

[Event "1st Semana Santa Torrevieja 2022"]
[Site "Torrevieja Alicante"]
[Date "2022.04.16"]
[Round "6.2"]
[White "Rakotomaharo, Fy Antenaina"]
[Black "Grigoryan, Karen H."]
[Result "0-1"]
[ECO "B62"]
[WhiteElo "2474"]
[BlackElo "2636"]
[Annotator "TA"]
[PlyCount "102"]
[EventDate "2022.04.12"]
[EventType "swiss"]
[EventCountry "ESP"]
[SourceTitle "playchess.com"]
[Source "ChessBase"]
[SourceQuality "1"]
[TimeControl "5400+30"]

1. e4 c5 2. Nf3 d6 3. d4 cxd4 4. Nxd4 Nf6 5. Nc3 Nc6 6. Bg5 e6 7. Bb5 Bd7 8. Qd3 {[%emt 0:00:05] outshines the older 8.Bxc6. B62: Sicilian: Richter-Rauzer: 6...e6: Unusual White 7th moves.} Be7 9. O-O-O O-O 10. Bxc6 {[%emt 0:00:59] White is slightly better.} bxc6 11. Nb3 a5 {[%emt 0:04:57] [#]} 12. e5 $146 ({Predecessor:} 12. Bxf6 gxf6 13. Qg3+ Kh8 14. Rxd6 Bxd6 15. Qxd6 Ra7 16. Rd1 Qc7 17. Qxf8# {1-0 (17) Kiolbasa,O (2399)-Hartikainen,J (2133) Chess.com INT 2021}) 12... Nd5 $1 13. Bxe7 Qxe7 14. exd6 Qxd6 15. Ne4 Qf4+ (15... Qe7 $5 ) 16. Kb1 e5 17. g3 $36 {[%emt 0:16:16][%mdl 2048] Black is under pressure.} Qf5 18. Nbc5 {[%emt 0:00:46][%cal Og3g4] Pair of Knights!} Be6 19. a3 {[%emt 0:03:48] Against Nb4} Rab8 (19... f6 $14) 20. h4 $16 Nf6 21. f3 (21. Nxe6 Qxe6 22. Rhe1 Nd5 $14) 21... Bd5 22. Nxf6+ Qxf6 23. Nd7 $1 (23. Ne4 $6 Qe7 $11) 23... Qxf3 24. Rhe1 e4 (24... Qxd3 $16 {might work better.} 25. Rxd3 (25. cxd3 f6 $14) 25... f6) 25. Qe3 $1 $18 (25. Qxf3 exf3 26. Nxb8 (26. Nxf8 Kxf8 27. Rd2 Bc4 $16) 26... Rxb8 $16) 25... f5 26. Nxb8 (26. Nxf8 Kxf8 27. Qc5+ Kg8 $14) 26... Rxb8 27. Rd4 Qxe3 28. Rxe3 $16 {[%emt 0:00:06][%mdl 4096] Endgame KRR-KRB} h6 (28... Kf7 $16 {is a better defense.}) 29. h5 ({White should play} 29. Ra4 $1 $18) 29... Bf7 $14 30. g4 fxg4 31. Rdxe4 Bxh5 32. a4 Rd8 33. b3 Rd5 34. Kb2 Rg5 {[%emt 0:00:31] aiming for ...g3.} 35. Rg3 {[%emt 0:00:06][%mdl 1024] White has compensation.} Kf7 36. c3 (36. b4 $1 $14) 36... Kf6 $11 37. b4 Rf5 (37... Kf5 $11 {keeps the balance.} 38. Rc4 Bf7 39. Rxc6 Bd5) 38. Rc4 (38. Rg1 $16) 38... Kg5 (38... Rf2+ 39. Kc1 $16) 39. Rg1 Kh4 (39... Rf2+ $2 40. Ka3 $18) 40. Rxc6 (40. Ka3 $11 {remains equal.}) 40... Rf2+ (40... g3 $1 $17 {...Kh3 is the strong threat.} 41. b5 Bf3) 41. Ka3 $2 (41. Kb3 $11 {and White stays safe.} g3 42. b5 (42. bxa5 g2 $11)) 41... g3 $1 $19 {[%emt 0:00:38][%cal Bg4g3,Bg3g2][%mdl 32] Threatens to win with ...g2.} 42. bxa5 $2 (42. Rc7 $1 $15 g6 43. bxa5) 42... g2 43. a6 Kg3 44. Rc8 $2 (44. Rc7 g5 45. Rh7 Bf3 46. Rxh6 Rf1 47. Rxg2+ Bxg2 $19) (44. Rb6 Kh2 45. Rxg2+ $1 (45. a7 Bf3 $15) 45... Rxg2 46. a7) 44... Rf7 $1 45. Rb8 Bf3 {[%emt 0:00:23] Against Rb7} ({Stronger than} 45... Kf2 46. Rxg2+ Kxg2 47. Rb7 $11) 46. Rgb1 h5 {[%emt 0:02:20][%cal Bh6h5,Bh5h4][%mdl 32] White must now prevent ...h4.} 47. R8b7 Bxb7 48. axb7 {[%emt 0:00:04] [#]} Rxb7 $1 {[%emt 0:00:16][%mdl 512] Black mates.} 49. Rxb7 {[%emt 0:00:04] [#]} g5 $1 50. Rb5 g4 51. Rb1 {[%emt 0:00:06] [#]} h4 $1 {[%emt 0:00:07] Black used his chance.  Weighted Error Value: White=0.62/Black=0.17 (very precise)} 0-1

[Event "1st Semana Santa Torrevieja 2022"]
[Site "Torrevieja Alicante"]
[Date "2022.04.16"]
[Round "6.3"]
[White "Alonso Garcia, Aaron"]
[Black "Cuenca Jimenez, Jose Fernando"]
[Result "0-1"]
[ECO "B32"]
[WhiteElo "2374"]
[BlackElo "2552"]
[Annotator "TA"]
[PlyCount "102"]
[EventDate "2022.04.12"]
[EventType "swiss"]
[EventCountry "ESP"]
[SourceTitle "playchess.com"]
[Source "ChessBase"]
[SourceQuality "1"]
[TimeControl "5400+30"]

1. e4 c5 2. Nf3 Nc6 3. d4 cxd4 4. Nxd4 e5 5. Nb5 d6 6. N1c3 a6 7. Na3 Be7 8. Nc4 b5 {[%emt 0:00:56] B32: Sicilian: Löwenthal and Kalashnikov Variations.} 9. Ne3 (9. Qd5 Bb7 10. Ne3 Nf6 $11) 9... Nf6 10. g3 h5 {[%emt 0:00:18] White has an edge.} 11. h4 Nd4 {[%emt 0:01:49] [#]} 12. Ncd5 $146 ({Predecessor:} 12. Bg2 Be6 13. Ncd5 Nxd5 14. Nxd5 Bxd5 15. exd5 g6 16. c3 Nf5 17. a4 O-O 18. Qd3 {½-½ (39) So,W (2754)-Carlsen,M (2861) Abidjan 2019}) 12... Nxd5 ({Much less strong is} 12... Nxe4 13. c3 Nc6 14. a4 $16 (14. Qf3 Nc5 $14)) 13. exd5 Nf5 14. Be2 g6 15. c3 Nxe3 16. Bxe3 Bd7 17. Qd2 f5 18. f4 Bf6 19. O-O O-O 20. fxe5 Bxe5 21. Kg2 Re8 22. Bf3 Rc8 23. Rac1 Qf6 24. a3 Rc4 25. Bg5 Qg7 26. Rfe1 a5 27. Qf2 f4 28. gxf4 Bxf4 29. Rxe8+ Bxe8 30. Re1 Be5 31. Qb6 b4 32. Qxa5 {[%emt 0:04:18] [#] aiming for Qd8.} bxc3 33. bxc3 Qd7 (33... Rxc3 $2 {[#]} 34. Qxc3 $3 Bxc3 35. Rxe8+ Kf7 36. Re7+ Kf8 37. Rxg7 $18) 34. Rxe5 dxe5 35. d6 $1 e4 36. Be2 Rc8 37. Qe5 Qf7 38. Be3 {[%emt 0:01:05] Black must now prevent Bd4.} Qa2 (38... Kh7 $15) 39. Kf2 $11 {[%emt 0:01:47][%cal Oc3c4] Threatening mate with c4!} Bd7 {[%emt 0:00:56] Strongly threatening ...Bg4.} 40. Bd4 Qf7+ 41. Kg3 {[%emt 0:02:45][%csl Gd4][%cal Re5h8][%mdl 1024] White has compensation.} Kh7 {Prevents Qh8+.} 42. Bc4 Qf8 {[%emt 0:00:59] Dancing on a razor blade.} 43. Be2 {[%emt 0:00:27] A strong pair of Bishops.} Re8 $40 {[%emt 0:00:39][%mdl 128] Black mounts an attack.} 44. Qd5 (44. Qf4 $11) 44... e3 $19 {[%emt 0:00:29][%csl Ge3][%cal Rf8f2] Black is clearly winning.} 45. Qf3 {[%emt 0:00:32] Inhibits Qf2+.} Qxf3+ 46. Kxf3 {[%emt 0:00:28][%mdl 4096] Endgame KRB-KB} Bg4+ 47. Kf4 Bxe2 48. Bxe3 Bb5 49. Bd4 Kg8 50. Bf6 Kf7 51. Be7 Rc8 {[%emt 0:01:59] Weighted Error Value: White=0.37/Black=0.02 (flawless)} 0-1

[Event "1st Semana Santa Torrevieja 2022"]
[Site "Torrevieja Alicante"]
[Date "2022.04.16"]
[Round "6.4"]
[White "Dardha, Daniel"]
[Black "Cruz Lledo, Pablo"]
[Result "1-0"]
[ECO "D30"]
[WhiteElo "2541"]
[BlackElo "2430"]
[Annotator "TA"]
[PlyCount "51"]
[EventDate "2022.04.12"]
[EventType "swiss"]
[EventCountry "ESP"]
[SourceTitle "playchess.com"]
[Source "ChessBase"]
[SourceQuality "1"]
[TimeControl "5400+30"]

1. c4 c6 2. Nf3 d5 3. e3 Nf6 4. d4 e6 5. Bd3 Nbd7 6. O-O Bd6 {[%emt 0:00:08] 6...Bd6 is better than 6...dxc4.} 7. Qc2 O-O 8. Nbd2 e5 {[%emt 0:01:04] D30: Queen's Gambit Declined: Systems without Nc3.} 9. cxd5 (9. Nxe5 {seems wilder.} Nxe5 10. dxe5 Bxe5 11. cxd5 cxd5 12. Nf3) 9... cxd5 {[%emt 0:00:06] [#] Strongly threatening ...e4.} 10. dxe5 Nxe5 {[%emt 0:00:10] The position is equal.} 11. Nxe5 Bxe5 12. Nf3 Bc7 {[%emt 0:00:22] [#]} 13. h3 $5 $146 {[%emt 0:08:29][%mdl 8] New and interesting.} ({Predecessor:} 13. b3 Bg4 14. Ba3 Re8 15. Ng5 g6 16. h3 Bd7 17. Rad1 Rc8 18. Qe2 Bb8 19. Bb2 {1-0 (43) Tran,T (2518)-Ghazarian,K (2181) Chess.com INT 2020}) 13... Re8 14. Rd1 Ne4 15. b3 Bf5 16. Bb2 Rc8 {[%emt 0:02:34][%cal Oc7g3] And now ...Bg3! would win.} 17. Qe2 Qd6 18. Rac1 Qh6 (18... a6 $11 {remains equal.}) 19. Qf1 ({White should try} 19. Nd4 $16 Bg6 20. Rc2) 19... Qg6 {[%emt 0:11:27][%mdl 8192] Loses the game.} (19... Qd6 $14) 20. Nh4 $18 Qg5 21. Nxf5 {[%emt 0:00:10] Chess con chili.} Qxf5 22. f3 Qg5 23. fxe4 Qxe3+ 24. Kh1 {[%emt 0:00:28][%cal Oe4e5] Black must now prevent e5!} dxe4 25. Bc4 Kh8 {[%emt 0:09:31] [#]} (25... Re7 $18 26. Qf5 Rf8) 26. Bxg7+ $1 {[%emt 0:00:20][%mdl 512] Weighted Error Value: White=0.07 (flawless) /Black=1.06} 1-0

[Event "1st Semana Santa Torrevieja 2022"]
[Site "Torrevieja Alicante"]
[Date "2022.04.16"]
[Round "6.5"]
[White "Nasuta, Grzegorz"]
[Black "Habans Aguerrea, Javier"]
[Result "1/2-1/2"]
[ECO "B12"]
[WhiteElo "2530"]
[BlackElo "2340"]
[Annotator "TA"]
[PlyCount "91"]
[EventDate "2022.04.12"]
[EventType "swiss"]
[EventCountry "ESP"]
[SourceTitle "playchess.com"]
[Source "ChessBase"]
[SourceQuality "1"]
[TimeControl "5400+30"]

1. e4 c6 2. d4 d5 3. e5 c5 4. dxc5 e6 5. Be3 Nd7 6. Nf3 {[%emt 0:00:13] B12: Caro-Kann: Advance Variation.} Bxc5 7. Bxc5 Nxc5 8. Qd4 Qb6 9. Nbd2 Ne7 10. Nb3 Nxb3 11. axb3 Qxd4 12. Nxd4 Bd7 13. f4 O-O {[%emt 0:07:41] [#]} 14. g3 $146 ({Predecessor:} 14. Bd3 f6 15. exf6 gxf6 16. Bb5 Nc6 17. Nxc6 bxc6 18. Be2 e5 19. O-O e4 20. c3 {0-1 (34) Bivol,A (2385)-Papp,P (2336) Chess.com INT 2021}) 14... Nc6 15. Nf3 a6 16. Kd2 Rac8 17. Bd3 Na7 18. Nd4 Nc6 19. Nxc6 Bxc6 20. Rhe1 d4 (20... h5 $14) 21. Be4 $16 {[%emt 0:07:13] &Bianco is more active.} Rfd8 22. Ra5 Bxe4 23. Rxe4 {[%emt 0:00:01][%mdl 4096] Endgame KRR-KRR} Rc6 24. Kd3 Rdc8 {[%emt 0:01:23] [#]} 25. Re2 b5 {[%emt 0:00:12] Against Ra4} 26. Kxd4 ({White should try} 26. Ra1 $16) 26... Rxc2 $11 {[%emt 0:00:08] The position is equal.} 27. Rxc2 Rxc2 28. Rxa6 $16 {[%emt 0:00:08] Intending Ra8+ and mate. KR-KR} h5 29. Rb6 {[%emt 0:03:32] Threatens to win with h4.} Rxh2 30. Rxb5 Rxb2 31. b4 Rb3 32. Rb8+ Kh7 33. b5 Rxg3 34. Ra8 Rb3 35. Kc5 h4 36. b6 h3 37. Kc6 h2 38. Ra1 Kg6 39. Rh1 Rb2 40. b7 Rc2+ 41. Kd6 Rb2 42. Kc7 {[%emt 0:00:23][%cal Oh1h2] [#] And now Rxh2! would win.} Rc2+ 43. Kd6 Rb2 44. Kc7 {[%emt 0:00:13][%cal Oh1h2] aiming for Rxh2!} Rc2+ 45. Kd6 Rb2 46. Kc7 {[%emt 0:00:10] Weighted Error Value: White=0.04 (flawless) /Black=0.04 (flawless)} 1/2-1/2

[Event "1st Semana Santa Torrevieja 2022"]
[Site "Torrevieja Alicante"]
[Date "2022.04.16"]
[Round "6.6"]
[White "Goluch, Piotr"]
[Black "Vasquez Schroeder, Rodrigo"]
[Result "0-1"]
[ECO "D12"]
[WhiteElo "2314"]
[BlackElo "2493"]
[Annotator "TA"]
[PlyCount "82"]
[EventDate "2022.04.12"]
[EventType "swiss"]
[EventCountry "ESP"]
[SourceTitle "playchess.com"]
[Source "ChessBase"]
[SourceQuality "1"]
[TimeControl "5400+30"]

1. d4 d5 2. c4 c6 3. Nf3 Nf6 4. e3 Bf5 5. Nc3 e6 6. Nh4 Bg4 {[%emt 0:00:22] D12: Slav Defence: 3 Nf3 Nf6 4 e3 Bf5.} 7. f3 Bh5 8. g3 Nbd7 {[%emt 0:00:49] The position is equal.} 9. cxd5 cxd5 10. Be2 a6 {[%emt 0:01:39] [#]} 11. a4 $146 (11. O-O $14) ({Predecessor:} 11. Ng2 Bd6 12. Nf4 Bg6 13. Nxg6 hxg6 14. Kf2 b5 15. Bd2 Qb8 16. Kg2 Qb7 17. Rc1 {0-1 (43) Nguyen,A (2469)-Dang,H (2043) Ho Chi Minh City 2014}) 11... Nb8 $11 12. O-O Nc6 13. Bd2 Be7 14. Ng2 Na5 15. Nf4 Bg6 16. Nxg6 hxg6 17. b3 Bb4 18. Rb1 Rc8 19. Na2 Bd6 20. Be1 O-O 21. Bd3 e5 22. dxe5 Bxe5 23. Qd2 Nc6 24. Nb4 Re8 25. Nc2 Bb8 26. Bf2 Ba7 27. Rfd1 Ne5 28. Be2 Qe7 29. Kg2 (29. h3 $11 {keeps the balance.}) 29... Neg4 {[%emt 0:06:26] &Nero is more active.} (29... g5 $1 $17 {[%cal Rg5g4] White must now prevent ...g4.} 30. h3 g4 31. hxg4 Nexg4 $1 32. fxg4 Qe4+ 33. Bf3 Qxc2) 30. fxg4 $2 {[%emt 0:00:08][%mdl 8192] [#] Now White is beyond hope.} (30. Bg1 $15) 30... Ne4 $1 $19 ({Inferior is} 30... Qe4+ 31. Bf3 Qxc2 32. Rb2 $15) 31. Bf3 Nxd2 32. Rxd2 Red8 33. Rbd1 (33. Rb2 {is a better defense.}) 33... Rc3 {[%emt 0:00:47][%cal Bc8c3,Bc3b3,Bb3b2][%mdl 32] Black is clearly winning.} 34. Nd4 Bxd4 35. Rxd4 Rxb3 36. Bxd5 {[%emt 0:00:05] [#]} Rxd5 37. Rxd5 Qe4+ 38. Kh3 Rb2 39. R5d4 Qf3 40. R1d2 Rxd2 41. Rxd2 g5 {[%emt 0:00:53] Weighted Error Value: White=0.45/Black=0.07 (flawless)} 0-1